Map: Procolo Central

Players

Kelazhur - Winner!

  • Race: Terran Terran
  • League: Grandmaster

Light (SpeCial)

  • Race: Terran Terran
  • League: Master

Event: Copa America 2016 Season 1

VOD

Have the link to the VOD?

Description

Time

  • Played on: Feb. 17, 2016, 7:29 p.m.
  • Length: 11:44

All games in this series

Show
View Real Time Build Order
Export as new Build Order

Kelazhur Terran - Winner!

Build Orders: 1/1/1, Liberator Opening, Bio Tank 

Get SALT Encoding   

  12  0:00  SCV  
  13  0:13  SCV  
  14  0:17  Supply Depot  
  14  0:25  SCV  
  14  0:27  Refinery  
  15  0:39  SCV  
  16  0:44  Barracks  
  16  0:51  SCV  
  16  0:55  Refinery  
  17  1:03  SCV  
  18  1:15  SCV  
  19  1:31  Factory, Orbital Command  
  19  1:35  Reaper  
  20  1:45  Supply Depot  
  20  1:58  SCV  
  21  2:08  Reaper  
  22  2:11  SCV  
  22  2:15  Starport  
  23  2:18  Hellion  
  25  2:28  SCV  
  26  2:35  Supply Depot  
  26  2:39  Liberator, Hellion  
  26  2:40  Reaper  
  29  2:49  SCV  
  30  2:57  Supply Depot  
  33  3:03  Hellion  
  33  3:04  SCV  
  36  3:10  Engineering Bay  
  36  3:15  Reaper  
  36  3:17  SCV  
  38  3:21  Supply Depot  
  38  3:26  Hellion  
  40  3:31  SCV  
  41  3:48  Hellion  
  43  3:50  Viking  
  43  3:55  Reaper  
  45  4:04  SCV  
  46  4:13  Hellion  
  42  4:32  SCV  
  42  4:38  Hellion, Reaper  
  43  4:44  Command Center  
  39  4:48  SCV  
  40  4:54  Starport Tech Lab  
  40  5:05  Factory Tech Lab  
  36  5:12  Banshee  
  39  5:14  Command Center  
  39  5:17  SCV  
  40  5:25  Barracks Tech Lab  
  40  5:30  Siege Tank  
  43  5:36  SCV  
  42  5:48  SCV  
  41  5:54  Marine  
  41  5:55  Stimpack  
  45  5:57  Orbital Command  
  45  6:00  SCV  
  45  6:03  Siege Tank  
  49  6:12  SCV  
  49  6:14  Marine  
  51  6:23  Barracks  
  51  6:24  Barracks, SCV  
  49  6:28  Orbital Command  
  49  6:30  SCV  
  50  6:34  Refinery  
  50  6:35  Siege Tank  
  50  6:36  Starport Reactor  
  50  6:38  SCV  
  54  6:42  SCV  
  54  6:43  Marine  
  55  6:50  SCV  
  56  6:54  SCV  
  56  6:55  Refinery  
  56  6:59  SCV  
  58  7:02  SCV  
  58  7:04  Marine  
  58  7:06  SCV  
  61  7:09  Siege Tank  
  61  7:11  Barracks Reactor  
  61  7:12  Barracks Reactor  
  61  7:13  Medivac x2  
  61  7:14  SCV  
  69  7:21  Engineering Bay  
  69  7:23  Barracks, SCV  
  69  7:26  Marine  
  69  7:28  SCV  
  72  7:33  SCV  
  73  7:39  SCV  
  73  7:41  Siege Tank  
  73  7:42  SCV  
  78  7:49  Marine x4  
  82  7:53  Medivac  
  82  7:56  Combat Shields  
  82  7:57  Supply Depot, Terran Infantry Weapons Level 1  
  84  8:02  Medivac  
  83  8:06  Marine  
  83  8:07  Marine  
  83  8:11  Marine  
  83  8:12  Marine  
  85  8:16  Barracks Reactor  
  85  8:19  Barracks, SCV  
  84  8:28  Marine x3  
  84  8:29  Marine  
  89  8:36  Marine  
  89  8:37  Medivac  
  74  8:41  Medivac  
  91  8:42  Supply Depot x2  
  91  8:43  Siege Tank  
  91  8:46  SCV x2, Marine  
  99  8:50  Missile Turret  
  99  8:51  Marine x2  
  99  8:52  Missile Turret, Marine  
  99  8:54  Marine  
  101  8:56  Bunker  
  101  9:04  SCV  
  101  9:05  Marine x3  
  101  9:06  Barracks Reactor  
  101  9:07  Medivac  
  107  9:10  Supply Depot  
  107  9:11  Medivac, Orbital Command  
  107  9:12  Armory  
  107  9:15  SCV, Marine  
  111  9:19  Marine  
  111  9:23  Marine  
  113  9:25  Marine  
  113  9:29  Marine  
  114  9:33  Terran Infantry Armor Level 1  
  114  9:37  Medivac  
  116  9:38  SCV  
  116  9:41  Sensor Tower  
  116  9:44  Marine  
  118  9:47  SCV x2  
  118  9:55  SCV  
  119  10:01  Marine x4  
  119  10:02  Missile Turret x2  
  119  10:03  Marine  
  119  10:05  Missile Turret  
  119  10:06  Siege Tank  
  124  10:10  SCV  
  125  10:15  Supply Depot x2  
  125  10:18  SCV  
  123  10:33  Marine x2  
  125  10:38  Siege Tank  
  128  10:44  Marine  
  128  10:45  Refinery, Marine x6  
  135  10:51  Marine  
  135  10:53  Marine  
  135  10:54  Sensor Tower  
  137  11:01  Medivac  
  137  11:03  Marine  
  137  11:10  Siege Tank  
  140  11:15  Marine  
  140  11:16  Marine x7  
  148  11:21  Marine  
Show
View Real Time Build Order
Export as new Build Order

Light Terran 

Build Orders: 1/1/1, Liberator Opening, MMM Bio 

Get SALT Encoding   

  12  0:01  SCV  
  13  0:13  SCV  
  14  0:17  Supply Depot  
  14  0:25  SCV  
  15  0:29  Refinery  
  15  0:38  SCV  
  16  0:44  Barracks  
  16  0:50  SCV  
  16  0:55  Refinery  
  17  1:03  SCV  
  18  1:15  SCV  
  19  1:30  Reaper  
  19  1:31  Orbital Command  
  20  1:36  Factory  
  20  1:46  Supply Depot  
  20  1:57  SCV  
  21  2:02  Reaper  
  22  2:09  SCV  
  23  2:20  Starport  
  23  2:21  Hellion  
  25  2:24  SCV  
  26  2:33  Supply Depot  
  26  2:35  Reaper  
  26  2:37  SCV  
  28  2:41  Liberator  
  28  2:43  Hellion  
  30  2:49  SCV  
  33  3:01  Supply Depot  
  33  3:04  SCV  
  34  3:10  Hellion  
  36  3:15  Barracks Tech Lab  
  36  3:17  SCV  
  37  3:28  Supply Depot  
  37  3:29  SCV  
  38  3:42  Barracks Reactor  
  38  3:44  Cyclone  
  38  3:46  Barracks Reactor  
  41  3:49  SCV  
  42  4:03  SCV  
  42  4:07  Supply Depot  
  41  4:11  Command Center  
  41  4:15  SCV  
  41  4:16  Viking  
  44  4:23  Marine x2  
  40  4:27  SCV  
  40  4:29  Siege Tank  
  38  4:39  SCV  
  38  4:41  Marine x2  
  41  4:52  SCV  
  39  4:59  Marine x2  
  38  5:06  SCV  
  37  5:17  Marine x2  
  37  5:20  SCV  
  40  5:28  Command Center  
  40  5:35  Marine x2  
  40  5:37  SCV  
  41  5:49  SCV  
  42  5:58  Barracks  
  42  6:00  Stimpack, Marine  
  42  6:02  SCV, Barracks  
  44  6:06  Starport Reactor  
  44  6:07  Factory Tech Lab  
  44  6:14  SCV  
  44  6:17  Marine  
  46  6:20  Engineering Bay  
  46  6:25  Siege Tank  
  49  6:26  SCV  
  50  6:35  Marine  
  50  6:38  SCV  
  51  6:48  Missile Turret x2, Orbital Command  
  51  6:51  Marine  
  51  6:52  Marine  
  51  6:53  Marine  
  51  6:54  Barracks Reactor  
  53  7:04  Medivac  
  53  7:08  Medivac  
  58  7:12  SCV  
  58  7:14  SCV  
  58  7:16  Marine  
  58  7:17  Refinery, Marine  
  58  7:19  Marine  
  61  7:24  SCV  
  61  7:26  SCV  
  63  7:31  Terran Infantry Weapons Level 1  
  63  7:33  Marine x2  
  63  7:34  Marine  
  63  7:36  Marine  
  67  7:37  Marine  
  67  7:41  Medivac  
  68  7:51  Marine x2  
  68  7:57  SCV  
  70  8:00  Supply Depot, SCV  
  70  8:06  Siege Tank  
  70  8:09  SCV  
  70  8:12  SCV  
  75  8:14  Marine x3  
  78  8:20  Marine  
  78  8:21  Marine  
  69  8:27  Combat Shields  
  69  8:29  SCV x2  
  69  8:32  Marine x3  
  74  8:36  Medivac  
  74  8:38  Marine  
  74  8:39  Marine  
  74  8:40  Refinery, Supply Depot  
  73  8:50  Barracks, Marine x3  
  73  8:53  Barracks  
  76  8:56  Marine  
  76  8:57  Marine  
  76  8:59  Medivac  
  80  9:04  Supply Depot  
  80  9:08  Marine x2  
  80  9:09  Siege Tank  
  85  9:15  SCV x2  
  85  9:16  Marine x3  
  90  9:21  Medivac  
  92  9:28  Terran Infantry Armor Level 1  
  92  9:30  Supply Depot, Marine  
  92  9:31  Marine  
  94  9:34  Marine x2  
  94  9:35  Marine  
  97  9:38  Barracks Reactor  
  97  9:43  Siege Tank  
  100  9:48  Marine x2  
  100  9:51  Marine  
  100  9:52  Marine x2  
  105  9:53  Medivac  
  105  9:57  Medivac  
  108  10:00  Marine  
  108  10:07  Barracks Reactor, Supply Depot  
  109  10:10  Supply Depot  
  109  10:11  Supply Depot  
  109  10:12  Marine  
  110  10:16  Marine  
  110  10:29  Medivac x2, Marine x4  
  110  10:33  Marine x3  
  120  10:44  Marine x2  
  120  10:46  Marine x4  
  126  10:51  Marine x2  
  126  10:52  Marine  
  129  11:02  Widow Mine, Marine x2  
  133  11:04  Marine  
  134  11:12  Marine  
  134  11:16  Marine  
  96  11:22  Marine x2  
Tags
 
Add a new tag
Caveats
  • Supply blocks, unpowered buildings, or Contaminate may cause inaccurate times.
  • Supply counts are checked every 10 seconds.